 Dungeon Crawl Stone Soup version 0.25-b1-23-ge2ad7d536c (webtiles) character file.

Game seed: 5566895517156445409, levelgen mode: deterministic

1782 snowfan the Thaumaturge (level 8, -17/52 HPs)
             Began as a Mummy Fire Elementalist on May 30, 2020.
             Demolished by an ogre
             ... wielding a +0 giant spiked club
              (27 damage)
             ... on level 8 of the Dungeon.
             The game lasted 00:42:03 (8875 turns).

snowfan the Thaumaturge (Mummy Fire Elementalist)   Turns: 8875, Time: 00:42:04

Health: -17/52     AC:  6    Str: 12    XL:     8   Next: 81%
Magic:  31/32      EV: 12    Int: 16    God:
Gold:   330        SH:  0    Dex: 12    Spells: 23/30 levels left

rFire    x . .     SeeInvis .   c - +2 hunting sling (freeze)
rCold    + . .     Gourm    .   (no shield)
rNeg     + + +     Faith    .   r - +0 robe
rPois    ∞         Spirit   .   s - +1 helmet
rElec    .         Reflect  .   a - +0 cloak
rCorr    .         Harm     .   v - +0 pair of gloves
MR       ++...                  (no boots)
Stlth    ++........             o - amulet of the acrobat
HPRegen  0.17/turn              i - ring of protection from magic
MPRegen  0.23/turn              u - ring of magical power

@: no status effects
A: no food or potions, fire vulnerability, cold resistance 1, negative energy
resistance 3, torment resistance, unbreathing
a: no special abilities


You were on level 8 of the Dungeon.
You were not hungry.

You visited 2 branches of the dungeon, and saw 9 of its levels.

You collected 330 gold pieces.

Inventory:

Hand Weapons
 c - a +2 hunting sling of freezing (weapon)
 d - a +0 dagger
Missiles
 e - 209 stones (quivered)
Armour
 a - a +0 cloak (worn)
 r - a +0 robe (worn)
 s - a +1 helmet (worn)
 v - a +0 pair of gloves (worn)
Jewellery
 g - an uncursed ring of resist corrosion
 i - a ring of protection from magic (left hand)
 o - an amulet of the acrobat (around neck)
 u - a ring of magical power (right hand)
 x - an uncursed ring of flight
Wands
 j - a wand of paralysis (7)
 w - a wand of flame (24)
Scrolls
 b - a scroll of enchant armour
 f - a scroll of magic mapping
 h - 2 scrolls of enchant weapon
 k - a scroll of immolation {unknown}
 l - 4 scrolls of teleportation {unknown}
 m - a scroll of fog {unknown}
 n - 2 scrolls of fear {unknown}
 p - 3 scrolls of amnesia


   Skills:
 - Level 1.5 Dodging
 - Level 1.5 Stealth
 + Level 11.6 Spellcasting
 - Level 0.7 Conjurations
 - Level 5.6 Fire Magic


You had 23 spell levels left.
You knew the following spells:

 Your Spells              Type           Power        Failure   Level  Hunger
a - Foxfire               Conj/Fire      ###.         2%          1    N/A
d - Conjure Flame         Conj/Fire      ###.....     6%          3    N/A
x - Inner Flame           Hex/Fire       ###.....     8%          3    N/A

Your spell library contained the following spells:

 Spells                   Type           Power        Failure   Level  Hunger
 Sticky Flame             Conj/Fire      ###.....     22%         4    N/A
 Fireball                 Conj/Fire      ###.......   52%         5    N/A

Dungeon Overview and Level Annotations

Branches:
Dungeon (8/15)             Temple (1/1) D:7
   Lair: D:8-11

Altars:
Ashenzari
Cheibriados
Dithmenos
Elyvilon
Fedhas
Gozag
Hepliaklqana
Kikubaaqudgha
Makhleb
Okawaru
Qazlal
Ru
Sif Muna
Trog
Uskayaw
Vehumet
Wu Jian
Xom
Zin
The Shining One


Innate Abilities, Weirdness & Mutations

You do not eat or drink.
Your flesh is vulnerable to fire.
You are immune to poison.
Your flesh is cold resistant. (rC+)
You are immune to negative energy. (rN+++)
You are immune to unholy pain and torment.
You can survive without breathing.


Message History

The ogre is almost dead.
Your magical contamination has completely faded away.
Items here: ( ) [[ a +0 leather armour; a cursed +0 falchion; 3 boomerangs; a +0 leather armour
There is an open door here.
Things that are here:
a +0 dagger; a +0 robe
Things that are here:
a +0 mace; 2 silver boomerangs
Things that are here:
a +1 dagger of draining; a +0 robe
Casting: Foxfire (safe; 2% risk of failure)
Confirm with . or Enter, or press ? or * to list all spells.
You don't know that spell.
Casting: Foxfire (safe; 2% risk of failure)
Confirm with . or Enter, or press ? or * to list all spells.
You conjure some foxfire!
The ogre hits you with a +0 giant spiked club!!
Ouch! That really hurt!
You die...

#.# #.# #.# ##+## #.#
##...## #.###
##.v...## #.#.##
##..O@...##
####....####.....v...#
..........[))........+
#####...####.........#
#.(## ##.......## #(##
##.....## #.# ##<..##
#.# ##+## #.#


You could see an ogre.

Vanquished Creatures
  Grinder (D:4)
  Sigmund (D:3)
  A sky beast (D:6)
  An ice beast (D:6)
  An orc warrior (D:6)
  A centaur (D:5)
  An ogre (D:5)
  2 bullfrogs (D:8)
  2 scorpions
  A howler monkey (D:6)
  A crimson imp (D:5)
  A hound (D:5)
  6 orc wizards
  A centaur skeleton (D:5)
  An orc priest (D:4)
  An iguana (D:4)
  Natasha (thrice) (D:4)
  Terence (D:2)
  2 worker ants
  A hound zombie (D:8)
  9 adders
  A gnoll (D:3)
  A howler monkey skeleton (D:4)
  An adder skeleton (D:5)
  3 worms
  A dart slug (D:4)
  5 leopard geckos
  26 orcs
  6 giant cockroaches
  7 goblins
  7 hobgoblins
  4 jackals (D:5)
  A quokka (D:2)
  A ball python (D:2)
  A ball python skeleton (D:4)
  11 bats
  2 frilled lizards (D:3)
  A jackal skeleton (D:4)
  10 kobolds
  2 rats
130 creatures vanquished.

Vanquished Creatures (collateral kills)
  A rat (D:1)
1 creature vanquished.

Vanquished Creatures (others)
  516 foxfires
516 creatures vanquished.

Grand Total: 647 creatures vanquished

Notes
Turn   | Place    | Note
-------+----------+-------------------------------------------
     0 | D:1      | snowfan the Mummy Fire Elementalist began the quest for the
                  | Orb.
     0 | D:1      | Reached XP level 1. HP: 13/13 MP: 4/4
    98 | D:1      | Reached skill level 3 in Spellcasting
   157 | D:1      | Reached XP level 2. HP: 19/19 MP: 2/6
   293 | D:1      | Reached skill level 4 in Spellcasting
   975 | D:2      | Reached XP level 3. HP: 24/24 MP: 5/8
  1406 | D:2      | Reached skill level 5 in Spellcasting
  1866 | D:2      | Reached XP level 4. HP: 27/30 MP: 2/11
  1871 | D:2      | Learned a level 3 spell: Conjure Flame
  2000 | D:2      | Found a shimmering blue altar of Sif Muna.
  2260 | D:3      | Noticed Terence
  2298 | D:3      | Noticed Sigmund
  2327 | D:2      | Killed Terence
  2327 | D:2      | Reached skill level 6 in Spellcasting
  2723 | D:3      | Found a sacrificial altar of Ru.
  2723 | D:3      | Found an opulent altar of Gozag.
  2783 | D:3      | Reached XP level 5. HP: 35/35 MP: 2/14
  3054 | D:3      | Reached skill level 7 in Spellcasting
  3137 | D:3      | Found an iron altar of Okawaru.
  3232 | D:4      | Found a hide-covered altar of Uskayaw.
  3337 | D:4      | Noticed Grinder
  3363 | D:4      | Killed Grinder
  3363 | D:4      | Reached skill level 8 in Spellcasting
  3363 | D:4      | Reached XP level 6. HP: 12/41 MP: 0/17
  3846 | D:3      | Killed Sigmund
  3846 | D:3      | Reached skill level 9 in Spellcasting
  3846 | D:3      | Reached XP level 7. HP: 41/46 MP: 10/20
  4168 | D:4      | Found a snail-covered altar of Cheibriados.
  4182 | D:4      | Reached skill level 10 in Spellcasting
  4277 | D:4      | Found a hazy altar of Hepliaklqana.
  4279 | D:4      | Found a shattered altar of Ashenzari.
  4279 | D:4      | Found a glowing golden altar of the Shining One.
  4285 | D:4      | Found an ornate altar of the Wu Jian Council.
  4285 | D:4      | Found a burning altar of Makhleb.
  4332 | D:5      | Entered Level 5 of the Dungeon
  4988 | D:4      | Noticed Natasha
  4990 | D:4      | Killed Natasha
  5180 | D:5      | Reached XP level 8. HP: 29/52 MP: 15/22
  5520 | D:5      | Found a burning altar of Makhleb.
  6004 | D:6      | Found a shimmering altar of Xom.
  6005 | D:6      | Found a shimmering altar of Xom.
  6005 | D:6      | Found a shimmering altar of Xom.
  6008 | D:6      | Found a shimmering altar of Xom.
  6008 | D:6      | Found a shimmering altar of Xom.
  6009 | D:6      | Found a shimmering altar of Xom.
  6009 | D:6      | Found a shimmering altar of Xom.
  6009 | D:6      | Found a shimmering altar of Xom.
  6415 | D:6      | Reached skill level 11 in Spellcasting
  6671 | D:7      | Found a staircase to the Ecumenical Temple.
  6680 | Temple   | Entered the Ecumenical Temple
  7097 | D:4      | Reached skill level 5 in Fire Magic
  7164 | D:4      | Identified the +1 plate armour of the Bouncing Ghosts {rF-
                  | rC+ Int+2 Slay+2}
  7271 | D:4      | Noticed Natasha
  7277 | D:4      | Killed Natasha
  7632 | D:4      | Noticed Natasha
  7645 | D:4      | Killed Natasha
  7977 | D:7      | Learned a level 3 spell: Inner Flame
  7991 | D:7      | Found a radiant altar of Vehumet.
  8875 | D:8      | Demolished by an ogre

Illustrated notes

Levels and vault maps discovered:
D:1:      dpeg_arrival_another_circle, layout_basic
D:2:      layout_rooms, led_sif_pool
D:3:      layout_basic, gammafunk_temple_overflow_pools,
          okawaru_altar_gauntlet_db, uniq_sigmund, uniq_terence
D:4:      layout_rooms, eat_drink_and_be_merry_uskayaw,
          minmay_overflow_temple_hex, first_ration, nrook_mini_backslash,
          uniq_grinder, uniq_natasha
D:5:      layout_rooms, lemuel_tele_altar
D:6:      layout_loops_ring, xom_redecorated
D:7:      layout_loops_ring, vehumet_altar_wand_db,
          minmay_temple_entry_antechambers, serial_shops, shop,
          kennysheep_generic_room_4
D:8:      layout_loops_corners, david_lair_shrubbed
Temple:   nicolae_temple_figure_zero

Skill      XL: |  1  2  3  4  5  6  7  8 |
---------------+-------------------------+-----
Spellcasting   | 3 4 5 6 8 9 10 11 | 11.6
Fire Magic     | 4 5 |  5.6
Dodging        | |  1.5
Stealth        | |  1.5
Conjurations   | |  0.7

Action                   |  1- 3 |  4- 6 |  7- 9 || total
-------------------------+-------+-------+-------++-------
Melee: Dagger            |     2 |       |       ||     2
       Hunting sling     |       |       |     1 ||     1
 Fire: Hunting sling     |     5 |    36 |   102 ||   143
 Cast: Foxfire           |    72 |   109 |   155 ||   336
       Conjure Flame     |       |       |    22 ||    22
  Use: Scroll            |       |     2 |    10 ||    12
Armor: Robe              |     5 |     2 |    27 ||    34
Dodge: Dodged            |    15 |    29 |    78 ||   122
